AoeStats
← rissole5.com

Arena

510733673Analyzed
1v1 RM · 1d ago on Oct 2, 2026· 35m 52s· 2 players
Game mode
Random Map
Map size
Tiny (2 player)
Population
200
Speed
Normal
Resources
Standard
Victory
Conquest
Starting age
Dark Age
Ending age
Imperial Age
RankedLock teamsTeams togetherTeam positionsShared explorationLock speedFull tech treeHidden civsTurbo modeCheats
Victory
Defeat
809
+14
🇦🇺 Franks · Australia
775
-35
rissole5.com
11:55 Feudal Age
17:20 Gold Mining
17:21 Stone Mining
19:15 Double-Bit Axe
18:58 Man-at-Arms
23:12 Scale Mail Armor
23:04 Fletching
23:14 Padded Archer Armor
24:21 Forging
27:06 Castle Age
29:50 Chain Mail Armor
32:19 Bodkin Arrow
34:34 Gold Shaft Mining
𝓢𝓾𝓷𝓵𝓮𝓼𝓼
11:39 Feudal Age
13:20 Horse Collar
13:41 Double-Bit Axe
20:45 Castle Age
18:34 Loom
20:54 Gold Mining
21:17 Forging
21:13 Scale Barding Armor
23:12 Wheelbarrow
23:33 Bow Saw
26:26 Iron Casting
26:12 Chain Barding Armor
27:00 Bloodlines
26:51 Husbandry
33:57 Hand Cart
Connection lost

Rejoining the realm…

Still unreachable

The connection could not be restored.

Session expired

The server has moved on; the page needs a fresh start.